 Dungeon Crawl Stone Soup version 0.32-a0-516-g94ed278cf8 (webtiles) character file.

Game seed: 4779488847451834122

4 GordonOverkill the Sneak (level 1, -4/18 HPs)
             Began as a Coglin Delver on Feb 27, 2024.
             Slain by a bullfrog (7 damage)
             ... on level 8 of the Dungeon.
             The game lasted 00:01:10 (155 turns).

GordonOverkill the Sneak (Coglin Delver)             Turns: 155, Time: 00:01:11

Health: -4/18      AC:  3    Str: 12    XL:     1   Next: 60%
Magic:  1/1        EV: 11    Int:  9    God:
Gold:   30         SH:  0    Dex: 15    Spells: 0/0 levels left

rFire   . . .        a - +0 hand axe {Citlalmina}
rCold   . . .        i - +0 trident {Constanze}
rNeg    . . .        b - +0 leather armour
rPois   .            (no helmet)
rElec   .            (no cloak)
rCorr   .            (no gloves)
SInv    .            (no boots)
Will    .....        (no amulet)
Stlth   ++           (ring unavailable)
HPRegen 0.23/turn    (ring unavailable)
MPRegen 0.07/turn

%: no passive effects
@: hasted, very quick
A: off-hand wielding, slow wielding, warmup strikes, no rings
a: no special abilities


You were on level 8 of the Dungeon.
You visited 1 branch of the dungeon, and saw 5 of its levels.

You collected 30 gold pieces.

Inventory:

Hand Weapons
 a - a +0 hand axe (weapon) {Citlalmina}
 i - a +0 trident (offhand) {Constanze}
Armour
 b - a +0 leather armour (worn)
Wands
 g - a wand of digging (3)
 j - a wand of light (1)
Scrolls
 c - a scroll of fog
 d - a scroll of revelation
 h - a scroll of blinking {unknown}


   Skills:
 - Level 3.0 Fighting
 + Level 2.4 Axes
 - Level 1.7 Dodging
 - Level 4.1 Stealth


You couldn't memorise any spells.
You didn't know any spells.
Your spell library was empty.

Dungeon Overview and Level Annotations

Branches:
Dungeon (9/15)
 Temple: D:4-7         Lair: D:8-11         Orc: D:9-12

Altars:

Portals:
Bailey: D:8


Innate Abilities, Weirdness & Mutations

You can wield a second weapon in your off-hand.
It takes a long time for you to wield or remove held weapons.
Your first few attacks do less damage.
Your grasper-arms cannot wear rings.


Message History

You barely miss the orc with your +0 hand axe.
The orc hits you with a +0 flail!
* * * LOW HITPOINT WARNING * * *
You hit the orc with your +0 hand axe.
You kill the orc!
You hit the orc with your +0 hand axe. The orc hits you with a +0 hand axe.
* * * LOW HITPOINT WARNING * * *
As you read the scroll of fear, it crumbles to dust.
You assume a fearsome visage.
The orc wizard looks frightened!
The orc looks frightened!
You hear the faint creaking of a portcullis nearby.
The orc wizard mumbles some strange words.
The orc wizard flickers and vanishes!
Deactivating autopickup; reactivate with Ctrl-A.
You hear a shout!
You hear a shout!
Found a scroll labelled QOGI FYTAITH.
As you open the door, it creaks loudly!
A wight comes into view. It is wielding a +0 dagger.
You hear a shout!
The wight moves out of view.
Found a stone staircase leading down. 4 wights come into view.
The wight moves out of view.
There is an open door here. 2 goblins and a bullfrog come into view.
Found 16 gold pieces.
The bullfrog moves out of view. 2 goblins come into view.
Found a flagged portal and an escape hatch in the floor.
The bullfrog gives a loud, deep croak!
You hear an angry hiss.
A troll comes into view.
The goblin shouts!
The troll shouts!
The goblin shouts!
Okay, then.
You feel yourself speed up. The bullfrog hits you!
* * * LOW HITPOINT WARNING * * *
The bullfrog snags a nearby centipede with its tongue.
The bullfrog hits you but does no damage.
You open the door. The bullfrog hits you!
You die...

#......>..######........##..#...#
#.........# .#......#........
#...<.....# .#......'........
#.........# .#......#........
+.........# #......#........
#.........## ###zz....#+####.##
#....#######.# #.......## #+#
#....# #...#zzz....# #....#
#...'@F.....# #....#
#...#.......... #.. #####.≈≈≈≈≈.
... #$≈Tg.≈. ... #.≈gg>≈. ..
.≈g..≈. # ≈≈~≈≈


You could see a troll, a bullfrog, 5 wights and 2 goblins.

Vanquished Creatures
  2 orcs
2 creatures vanquished.

Notes
Turn   | Place    | Note
-------+----------+-------------------------------------------
     0 | D:5      | GordonOverkill the Coglin Delver began the quest for the
                  | Orb.
     0 | D:5      | Reached XP level 1. HP: 18/18 MP: 1/1
    26 | D:6      | Noticed an iguana
    27 | D:6      | Noticed a phantom
   106 | D:8      | Noticed an orc priest
   125 | D:8      | Noticed an orc wizard
   144 | D:8      | Noticed a wight
   145 | D:8      | Noticed a wight
   145 | D:8      | Noticed a wight
   145 | D:8      | Noticed a wight
   145 | D:8      | Noticed a wight
   148 | D:8      | Noticed a bullfrog
   149 | D:8      | Found a flagged portal.
   150 | D:8      | Noticed a troll
   155 | D:8      | Slain by a bullfrog

Illustrated notes

Levels and vault maps discovered:
D:5:      layout_gridville, uniq_eustachio
D:6:      layout_basic, minmay_temple_entry_tees
D:7:      layout_cave_pools, gammafunk_temple_overflow_pools,
          lemuel_crystal_altar, minmay_misc_feat_enclosed, uniq_maurice,
          uniq_duvessa
D:8:      gammafunk_indiana_jones, layout_gridville,
          mainiacjoe_overflow_alcove_4, enter_bailey_5, minmay_misc_feat_plants
D:9:      layout_loops_ring, nicolae_kikubaaqudgha_miasma_corner,
          hiddenorc2_lemuel, uniq_psyche

Action                     || total
---------------------------++-------
  Melee: Hand axe          ||     6
         Trident           ||     3
    Use: Scroll            ||     1
         Potion            ||     1
   Stab: Sleeping          ||     1
 Armour: Leather armour    ||     6
  Dodge: Dodged            ||     5

Table legend: (Time is in decaauts)
 A = Elapsed time spent in this place.
 B = Non-inter-level travel time spent in this place.
 C = Inter-level travel time spent in this place.
 D = Time resting spent in this place.
 E = Time spent auto-exploring this place.
 F = Levels seen in this place.
 G = Mean time per level.
                   A        B        C        D        E       F      G
               +--------+--------+--------+--------+--------+-----+--------+
         Total |    154 |    154 |      0 |      0 |      0 |   5 |   30.8 |
       Dungeon |    154 |    154 |      0 |      0 |      0 |   5 |   30.8 |
               +--------+--------+--------+--------+--------+-----+--------+

Top non-repeatable levels by time:
     D:8: 65 daAuts
     D:7: 53 daAuts
     D:6: 30 daAuts
     D:9: 4 daAuts
     D:5: 1 daAuts
